 Dungeon Crawl Stone Soup version 0.29.0-4-gdea44cf6ec (webtiles) character file.

Game seed: 15797144451718752920

163 qw the Chopper (level 5, -3/30 HPs)
             Began as a Tengu Warper on Aug 28, 2022.
             Slain by a gnoll bouda
             ... wielding a +0 whip
              (6 damage)
             ... on level 4 of the Dungeon.
             The game lasted 00:00:17 (3368 turns).

qw the Chopper (Tengu Warper)                       Turns: 3368, Time: 00:00:17

Health: -3/30      AC:  6    Str: 13    XL:     5   Next: 44%
Magic:  9/9        EV: 13    Int: 16    God:
Gold:   164        SH:  7    Dex: 19    Spells: 8/8 levels left

rFire   . . .      SeeInvis .   Y - +0 hand axe
rCold   . . .      Faith    .   b - +3 buckler "Destid" {Int+2}
rNeg    . . .      Spirit   .   g - +0 ring mail
rPois   .          Reflect  .   (helmet restricted)
rElec   .          Harm     .   n - +0 cloak
rCorr   .          Rampage  .   (no gloves)
Will    .....                   (boots unavailable)
Stlth   +.........              i - amulet of the acrobat
HPRegen 0.10/turn               e - +6 ring of dexterity
MPRegen 0.11/turn               (no ring)

@: weakened, flying quickly and evasively, quick
A: beak, talons 3, nimble flight
a: no special abilities


You were on level 4 of the Dungeon.
You visited 1 branch of the dungeon, and saw 4 of its levels.

You collected 164 gold pieces.


Innate Abilities, Weirdness & Mutations

You have a beak for a mouth.
You have claws for feet.
Your magical nature lets you fly swiftly and evasively.


   Skills:
 - Level 2.0 Fighting
 + Level 5.8 Axes
 - Level 1.0 Throwing
 - Level 1.1 Armour
 - Level 2.1 Dodging
 - Level 1.0 Shields
 - Level 2.0 Spellcasting
 - Level 2.4 Translocations


You had 8 spell levels left.
You didn't know any spells.
Your spell library contained the following spells:

 Spells                   Type           Power      Damage    Failure   Level
 Blink                    Tloc           18%        N/A       34%         2
 Gell's Gravitas          Tloc           9%         N/A       56%         3
 Lesser Beckoning         Tloc           9%         N/A       56%         3
 Teleport Other           Tloc           9%         N/A       56%         3
 Manifold Assault         Tloc           9%         N/A       99%         5

Inventory:

Hand Weapons
 j - a +0 flail
 Y - a +0 hand axe (weapon)
Armour
 b - the +3 buckler "Destid" (worn) {Int+2}
   (You acquired it on level 1 of the Dungeon)

   Int:       It affects your intelligence (+2).
 g - a +0 ring mail (worn)
 n - a +0 cloak (worn)
Jewellery
 e - a +6 ring of dexterity (left hand)
 i - an amulet of the acrobat (around neck)
Scrolls
 a - a scroll of identify
 l - a scroll of teleportation
Potions
 c - a potion of invisibility {unknown}
 d - a potion of flight {unknown}
 f - a potion of curing {unknown}
 h - a potion of cancellation {unknown}
 k - a potion of heal wounds
 p - a potion of might {unknown}

Dungeon Overview and Level Annotations

Branches:
Dungeon (4/15)
 Temple: D:4-7

Altars:
Cheibriados


Message History

A gnoll bouda comes into view. It is wielding a +0 whip.
The gnoll shouts!
A gnoll comes into view. It is wielding a +0 spear.
A gnoll comes into view. It is wielding a +0 halberd.
The gnoll bouda barks out a call to the hunt!
The gnolls pick up the pace!
A white imp comes into view.
You block the gnoll's attack.
You hit the gnoll. Your kick misses the gnoll.
The gnoll is moderately wounded.
The gnoll hits you with a +0 club. The gnoll closely misses you.
You hit the gnoll but do no damage. You claw the gnoll.
The gnoll is severely wounded.
The gnoll bouda gazes fiercely through you!
You feel your attacks grow feeble. You block the gnoll's attack.
The gnoll hits you from afar with a +0 halberd!
The gnoll misses you.
You hit the gnoll. You peck the gnoll, but do no damage.
The gnoll is almost dead.
The gnoll bouda gazes fiercely through you!
You feel as though you will be weak longer.
You block the gnoll's attack. x2; The gnoll closely misses you.
The gnoll bouda barely misses you.
You hit the gnoll but do no damage.
The gnoll is almost dead.
You hit the gnoll bouda but do no damage.
You block the gnoll's attack. The gnoll barely misses you.
The gnoll completely misses you. You block the gnoll's attack.
The gnoll bouda hits you with a +0 whip!
The white imp gestures at you. The puff of frost hits you.
You closely miss the gnoll.
The gnoll is almost dead.
You closely miss the gnoll bouda. The gnoll closely misses you.
The gnoll hits you with a +0 club. You block the gnoll's attack.
The gnoll hits you from afar with a +0 spear.
The gnoll bouda hits you with a +0 whip.
You die...

.... .... .....
#########.....
.............
#....gg..... #. .....
#...ggg..... #.......
#...@.5.....
#..##..####+#...........
#..##..##.......#######.
........#.......#
.....!..#.......#
........#.......#
........#.......#
##.##.###.......#
#####.#.)......##


You could see a gnoll bouda, 4 gnolls and a white imp.

Vanquished Creatures
  A scorpion (D:3)
  4 adders
  4 dart slugs
  4 worms
  2 orcs
  4 ball pythons
  4 bats
  4 endoplasms
  3 giant cockroaches (D:2)
  5 goblins
  7 hobgoblins
  A quokka (D:3)
  4 frilled lizards
  A kobold (D:1)
  3 rats
51 creatures vanquished.

Vanquished Creatures (others)
  5 plants (D:2)
5 creatures vanquished.

Grand Total: 56 creatures vanquished

Notes
Turn   | Place    | Note
-------+----------+-------------------------------------------
     0 | D:1      | qw the Tengu Warper began the quest for the Orb.
     0 | D:1      | Reached XP level 1. HP: 12/12 MP: 4/4
     0 | D:1      | 0 ||| qw: Version: 0.1-a-89-g26bdef1
     0 | D:1      | 0 ||| qw: Game counter: 658
     0 | D:1      | 0 ||| qw: Always use a shield: true
     0 | D:1      | 0 ||| qw: God list: Okawaru
     0 | D:1      | 0 ||| qw: Allow faded altars: false
     0 | D:1      | 0 ||| qw: Do Orc after D:15 true
     0 | D:1      | 0 ||| qw: Do second Lair branch before Depths: true
     0 | D:1      | 0 ||| qw: Lair rune preference: random
     0 | D:1      | 0 ||| qw: Plans: Normal
     0 | D:1      | 0 ||| PLANNING D:1-11
   128 | D:1      | 128 ||| DROPPING +0 mace.
   479 | D:1      | Reached skill level 3 in Axes
   479 | D:1      | Reached XP level 2. HP: 17/17 MP: 6/6
   539 | D:1      | 539 ||| Stepping ~*~*~tactically~*~*~ (stealth).
   540 | D:1      | 540 ||| Stepping ~*~*~tactically~*~*~ (stealth).
   541 | D:1      | 541 ||| Stepping ~*~*~tactically~*~*~ (stealth).
   542 | D:1      | 542 ||| Stepping ~*~*~tactically~*~*~ (stealth).
  1030 | D:1      | 1030 ||| UPGRADING to +0 ring mail.
  1040 | D:1      | 1040 ||| DROPPING +0 leather armour.
  1041 | D:1      | 1041 ||| UPGRADING to amulet of the acrobat.
  1046 | D:1      | 1046 ||| READING 5 scrolls labelled HUZ ONGAAWENLO.
  1047 | D:1      | 1047 ||| READING scroll labelled FUIDUCOSUQ.
  1047 | D:1      | Identified a scroll of acquirement
  1047 | D:1      | 1047 ||| ACQUIRING +3 buckler "Destid" {Int+2}
  1047 | D:1      | Acquired the +3 buckler "Destid" {Int+2}
  1049 | D:1      | 1049 ||| UPGRADING to +3 buckler "Destid" {Int+2}.
  1054 | D:1      | 1054 ||| READING scroll labelled WUACEPIVEC.
  1055 | D:1      | 1055 ||| READING scroll labelled PITETA TIRAI.
  1056 | D:1      | 1056 ||| READING 4 scrolls of identify.
  1056 | D:1      | 1056 ||| IDENTIFYING clear potion
  1057 | D:1      | 1057 ||| READING 3 scrolls of identify.
  1057 | D:1      | 1057 ||| IDENTIFYING viscous clear potion
  1058 | D:1      | 1058 ||| READING 2 scrolls of identify.
  1058 | D:1      | 1058 ||| IDENTIFYING fizzy orange potion
  1059 | D:1      | 1059 ||| DROPPING scroll of blinking.
  1060 | D:1      | 1060 ||| DROPPING potion of magic.
  1061 | D:1      | 1061 ||| DROPPING potion of degeneration.
  1146 | D:2      | Reached XP level 3. HP: 21/21 MP: 7/7
  1243 | D:2      | Reached skill level 1 in Shields
  1261 | D:2      | 1261 ||| Stepping ~*~*~tactically~*~*~ (hiding).
  1557 | D:2      | Reached skill level 4 in Axes
  1598 | D:2      | Reached XP level 4. HP: 25/26 MP: 8/8
  2143 | D:2      | 2143 ||| UPGRADING to +6 ring of dexterity.
  2144 | D:2      | 2144 ||| READING scroll labelled LYSUKURASA.
  2167 | D:1      | 2167 ||| Stepping randomly (stuck).
  2223 | D:3      | Noticed a scorpion
  2224 | D:3      | 2224 ||| Stepping ~*~*~tactically~*~*~ (stealth).
  2225 | D:3      | 2225 ||| Stepping ~*~*~tactically~*~*~ (stealth).
  2231 | D:3      | HP: 6/26 [scorpion (3)]
  2232 | D:3      | 2232 ||| DRINKING 3 potions of heal wounds.
  2238 | D:3      | Killed a scorpion
  2239 | D:3      | Reached skill level 5 in Axes
  2239 | D:3      | Gained mutation: Your magical nature lets you fly swiftly
                  | and evasively. [Tengu growth]
  2239 | D:3      | Reached XP level 5. HP: 9/30 MP: 9/9
  2239 | D:3      | HP: 7/30 [poisoned by a scorpion]
  2240 | D:3      | 2240 ||| DRINKING 2 potions of heal wounds.
  2512 | D:3      | Found a snail-covered altar of Cheibriados.
  3080 | D:3      | 3080 ||| UPGRADING to +0 cloak.
  3085 | D:3      | 3085 ||| DROPPING +6 ring of intelligence.
  3086 | D:3      | 3086 ||| READING scroll labelled EXTEF VOZOU.
  3368 | D:4      | HP: 5/30 [gnoll/+0 club[a gnoll bouda] (3)]
  3368 | D:4      | Slain by a gnoll bouda

Levels and vault maps discovered:
D:1:      elethiomel_arrival_shortcut, layout_loops_ring, eino_curves_02,
          minmay_misc_feat_iff
D:2:      layout_basic, dk_vineyard_1, serial_bayou_lake_a
D:3:      kennysheep_big_flooded_room, layout_loops_cross,
          mainiacjoe_overflow_paths
D:4:      layout_gridville

Skill      XL: |  1  2  3  4 |
---------------+-------------+-----
Axes           | 3 4 5 |  5.8
Shields        | 1 |  1.0
Fighting       | |  2.0
Throwing       | |  1.0
Armour         | |  1.1
Dodging        | |  2.1
Spellcasting   | |  2.0
Translocations | |  2.4

Action                   |  1- 3 |  4- 6 || total
-------------------------+-------+-------++-------
Melee: Hand axe          |    68 |    74 ||   142
       Kick              |    21 |    20 ||    41
       Peck              |     6 |     9 ||    15
Throw: Boomerang         |     7 |       ||     7
  Use: Scroll            |     7 |     2 ||     9
       Potion            |       |     2 ||     2
 Stab: Sleeping          |     1 |       ||     1
Armor: Leather armour    |    12 |       ||    12
       Ring mail         |     4 |    14 ||    18
Dodge: Dodged            |    28 |    34 ||    62
Block: Buckler           |     7 |    14 ||    21

Table legend:
 A = Non-vault XP
 B = Vault XP
 C = Vault XP percentage of total XP
 D = Non-vault monster count
 E = Vault monster count
 F = Vault count percentage of total count
                 A         B        C        D         E       F
            +---------+---------+-------+---------+---------+-------
      Total |     229 |       5 |   2.1 |      49 |       2 |   3.9
            +---------+---------+-------+---------+---------+-------
        D:1 |      32 |       0 |   0.0 |      18 |       0 |   0.0
        D:2 |      73 |       0 |   0.0 |      16 |       0 |   0.0
        D:3 |     115 |       5 |   4.2 |      12 |       2 |  14.3
        D:4 |       9 |       0 |   0.0 |       3 |       0 |   0.0
            +---------+---------+-------+---------+---------+-------
